 Dungeon Crawl Stone Soup version 0.28.0-43-g3370ac3207 (webtiles) character file.

Game seed: 9992595640739124766

1833 diana the Fighter (level 8, -11/71 HPs)
             Began as a Demonspawn Gladiator on Mar 18, 2022.
             Mangled by an ogre
             ... wielding a +0 giant club
              (23 damage)
             ... on level 6 of the Dungeon.
             The game lasted 00:08:30 (5541 turns).

diana the Fighter (Demonspawn Gladiator)            Turns: 5541, Time: 00:08:30

Health: -11/71     AC: 10    Str: 18    XL:     8   Next: 86%
Magic:  8/8        EV: 12    Int:  9    God:
Gold:   244        SH:  0    Dex: 14    Spells: 7/7 levels left

rFire   . . .      SeeInvis .   a - +0 quarterstaff (freeze)
rCold   . . .      Faith    .   (shield currently unavailable)
rNeg    . . .      Spirit   .   b - +0 leather armour
rPois   .          Reflect  .   c - +0 helmet
rElec   .          Harm     .   p - +2 cloak
rCorr   .          Rampage  .   (no gloves)
Will    .....                   (no boots)
Stlth   +.........              (no amulet)
HPRegen 0.21/turn               (no ring)
MPRegen 0.11/turn               (no ring)

@: no status effects
A: claws 2, icy blue scales 2, foul stench 1
a: no special abilities


You were on level 6 of the Dungeon.
You visited 1 branch of the dungeon, and saw 6 of its levels.
You also visited: Ossuary.

You collected 244 gold pieces.

Inventory:

Hand Weapons
 a - a +0 quarterstaff of freezing (weapon)
Missiles
 d - 3 throwing nets (quivered)
Armour
 b - a +0 leather armour (worn)
 c - a +0 helmet (worn)
 p - a +2 cloak (worn)
Jewellery
 C - a ring of protection from fire
Wands
 r - a wand of iceblast (13)
Scrolls
 e - a scroll of silence {unknown}
 f - 2 scrolls of amnesia
 g - a scroll of noise
 h - a scroll of fog {unknown}
 i - a scroll of vulnerability {unknown}
 k - 2 scrolls of brand weapon
 m - a scroll of immolation {unknown}
 u - a scroll of fear {unknown}
 x - a scroll of identify
 y - a scroll of teleportation {unknown}
 z - a scroll of blinking {unknown}
Potions
 j - a potion of brilliance
 l - a potion of lignification
 n - a potion of degeneration
 o - a potion of attraction {unknown}
 q - 3 potions of flight
 s - a potion of ambrosia {unknown}
 t - 2 potions of mutation
 v - 2 potions of curing
 w - a potion of berserk rage {unknown}
 A - a potion of haste {unknown}
 B - a potion of might {unknown}
 D - a potion of heal wounds {unknown}


   Skills:
 * Level 9.5 Fighting
 + Level 6.5 Staves
 - Level 1.7 Throwing
 + Level 1.6 Armour
 - Level 2.6 Dodging


You had 7 spell levels left.
You didn't know any spells.
Your spell library contained the following spells:

 Spells                   Type           Power      Damage    Failure   Level
 Apportation              Tloc           0%         N/A       43%         1
 Poisonous Vapours        Pois/Air       0%         N/A       58%         2
 Spider Form              Tmut/Pois      0%         N/A       82%         3
 Alistair's Intoxication  Tmut/Pois      0%         N/A       100%        5
 Ignition                 Fire           0%         3d3       100%        8
 Chain Lightning          Conj/Air       0%         N/A       100%        9
 Fire Storm               Conj/Fire      0%         5d1       100%        9
 Shatter                  Erth           0%         3d5*      100%        9


Dungeon Overview and Level Annotations

Branches:
Dungeon (6/15)            Ossuary (visited)
 Temple: D:4-7

Altars:
Elyvilon
Gozag
Makhleb
Trog

Shops:
D:4 [   D:6 :


Innate Abilities, Weirdness & Mutations

You have very sharp fingernails.
You are mostly covered in icy blue scales. (AC +3)
You may rarely emit foul miasma when damaged in melee.


Message History

An ogre comes into view. It is wielding a +0 giant club.
The hornet zombie hits you but does no damage.
The ogre shouts!
You hit the hornet zombie.
The hornet zombie is heavily damaged.
The hornet zombie hits you but does no damage.
You sock the hornet zombie!
The hornet zombie is severely damaged.
The hornet zombie barely misses you.
You hit the hornet zombie but do no damage.
The hornet zombie is severely damaged.
The hornet zombie hits you.
You emit a cloud of foul miasma!
The hornet zombie hits you!
You hit the hornet zombie.
The hornet zombie is severely damaged.
The hornet zombie hits you.
You closely miss the hornet zombie.
The hornet zombie is severely damaged.
The hornet zombie barely misses you.
You closely miss the hornet zombie.
The hornet zombie is severely damaged.
The hornet zombie hits you but does no damage.
You hit the hornet zombie but do no damage.
The hornet zombie is severely damaged.
The hornet zombie closely misses you. The hornet zombie hits you!
The ogre completely misses you.
You closely miss the hornet zombie.
The hornet zombie is severely damaged.
The hornet zombie barely misses you.
You barely miss the ogre. The ogre barely misses you.
The hornet zombie hits you!
You hit the ogre but do no damage.
The hornet zombie hits you but does no damage.
The ogre barely misses you.
You hit the ogre. You freeze the ogre.
The ogre is lightly wounded.
The hornet zombie hits you!
* * * LOW HITPOINT WARNING * * *
The ogre hits you with a +0 giant club!!
You die...

#.# #.##.)... ##.##
#.#####.. #...#
#........ #[..#
########. #...# #.......
#####...##### #.#####.
##...........####.#####.
........................
##....O@.....#.##.##.##.
#####.Z.#####.##.......
#...# #.......... #...#
#)##.##.### #...#
#.......### ##.##
#.##...))). ...
#.#####.### .....
#.#####.# # ......#
#.......# #


You could see an ogre and a hornet zombie.

Vanquished Creatures
  Prince Ribbit (D:5)
  Eustachio (D:6)
  A black bear (D:5)
  2 centaurs
  2 ogres
  A phantom (D:5)
  A kobold brigand (D:6)
  6 elf zombies (Ossuary)
  A water moccasin skeleton (D:5)
  2 hounds
  2 centaur zombies (Ossuary)
  4 human zombies (Ossuary)
  Crazy Yiuf (D:5)
  An iguana (D:4)
  An orc wizard (D:3)
  2 hound skeletons
  3 mummies (Ossuary)
  2 adders (D:3)
  3 dart slugs
  3 orcs
  6 bats
  2 endoplasms
  3 giant cockroaches
  7 goblins
  3 hobgoblins
  6 jackals
  15 kobolds
  7 quokkas
  7 ball pythons
  3 frilled lizards
  8 rats
107 creatures vanquished.

Notes
Turn   | Place    | Note
-------+----------+-------------------------------------------
     0 | D:1      | diana the Demonspawn Gladiator began the quest for the Orb.
     0 | D:1      | Reached XP level 1. HP: 16/16 MP: 1/1
    48 | D:1      | Found a faded altar of an unknown god.
   177 | D:1      | Gained mutation: You are partially covered in icy blue
                  | scales. (AC +2) [demonic ancestry]
   177 | D:1      | Reached XP level 2. HP: 23/23 MP: 2/2
   419 | D:1      | Reached skill level 3 in Fighting
   466 | D:1      | Gained mutation: You may rarely emit foul miasma when
                  | damaged in melee. [demonic ancestry]
   466 | D:1      | Reached XP level 3. HP: 27/29 MP: 3/3
  1288 | D:2      | Got the Guide on Scorching Envenoming
  1391 | D:2      | Found an opulent altar of Gozag.
  1845 | D:2      | Gained mutation: You are mostly covered in icy blue scales.
                  | (AC +3) [demonic ancestry]
  1845 | D:2      | Reached XP level 4. HP: 27/37 MP: 4/4
  1951 | D:2      | Reached skill level 4 in Fighting
  2023 | D:3      | Noticed a centaur
  2031 | D:3      | Killed a centaur
  2032 | D:3      | Gained mutation: You have sharp fingernails. [demonic
                  | ancestry]
  2032 | D:3      | Reached XP level 5. HP: 35/43 MP: 5/5
  2353 | D:3      | Reached skill level 5 in Fighting
  2732 | D:4      | You fall into a shaft and drop 1 floor!
  2732 | D:5      | Entered Level 5 of the Dungeon
  2748 | D:5      | Gained mutation: You have very sharp fingernails. [demonic
                  | ancestry]
  2748 | D:5      | Reached XP level 6. HP: 28/51 MP: 6/6
  2809 | D:5      | Found a sand-covered staircase.
  2818 | Ossuary  | Entered an ossuary
  2974 | Ossuary  | Reached skill level 6 in Fighting
  3130 | Ossuary  | Reached XP level 7. HP: 59/59 MP: 7/7
  3281 | Ossuary  | Reached skill level 5 in Staves
  3347 | Ossuary  | Reached skill level 7 in Fighting
  3814 | D:5      | Reached XP level 8. HP: 57/68 MP: 8/8
  3939 | D:5      | Noticed Prince Ribbit
  3945 | D:5      | Killed Prince Ribbit
  3946 | D:5      | Reached skill level 8 in Fighting
  4111 | D:5      | Found a burning altar of Makhleb.
  4602 | D:5      | Found a runed translucent door.
  4603 | D:5      | Noticed Crazy Yiuf
  4755 | D:5      | Killed Crazy Yiuf
  4756 | D:5      | Reached skill level 9 in Fighting
  5057 | D:4      | Found Xapnurarang's Armour Boutique.
  5169 | D:4      | Found a bloodstained altar of Trog.
  5258 | D:4      | Reached skill level 1 in Armour
  5403 | D:6      | Found Etafuor's Book Boutique.
  5482 | D:6      | Noticed Eustachio
  5492 | D:6      | Killed Eustachio
  5541 | D:6      | Mangled by an ogre

Illustrated notes

Levels and vault maps discovered:
D:1:      shiori_shiawase, layout_loops_ring,
          ebering_ecumenical_altar_abandoned, minmay_tetromino_s4
D:2:      layout_loops_corners, basic_altar, minmay_quadrilaterals
D:3:      layout_loops_cross, chequers_serial_rivers_micro_c,
          minmay_misc_feat_tower
D:4:      layout_rooms, trog_book, serial_shops, shop, lemuel_another_geyser
D:5:      layout_basic, jmf_multi_god_temple, chequers_ossuary_entry_cave,
          hex_tiny, serial_bayou_lagoon_a, uniq_prince_ribbit1,
          uniq_crazy_yiuf_cottage
D:6:      layout_loops_cross, minmay_temple_entry_statues_pillars, serial_shops,
          nicolae_shop_crystal, kennysheep_generic_room_14, uniq_eustachio,
          uniq_sigmund, uniq_menkaure

Skill      XL: |  1  2  3  4  5  6  7  8 |
---------------+-------------------------+-----
Staves         | 3 4 5 6 |  6.5
Fighting       | 3 4 5 6 7 9 |  9.5
Armour         | 1 |  1.6
Throwing       | |  1.7
Dodging        | |  2.6

Action                   |  1- 3 |  4- 6 |  7- 9 || total
-------------------------+-------+-------+-------++-------
Melee: Quarterstaff      |   125 |   179 |   232 ||   536
  Use: Scroll            |       |     4 |     5 ||     9
       Potion            |       |       |     1 ||     1
 Stab: Sleeping          |     2 |       |       ||     2
Armor: Leather armour    |    50 |    81 |    61 ||   192
       Skin              |       |       |    16 ||    16
Dodge: Dodged            |    98 |   115 |   106 ||   319
